 Dungeon Crawl Stone Soup version 0.28.0 (webtiles) character file.

Game seed: 8495938923409165754

2952 growler the Zephyrmancer (level 9, -14/52 HPs)
             Began as a Tengu Air Elementalist on Feb 11, 2022.
             Was a Follower of Vehumet.
             Killed by the air
             ... invoked by Gastronok
              (28 damage)
             ... on level 8 of the Dungeon.
             The game lasted 00:16:44 (9958 turns).

growler the Zephyrmancer (Tengu Air Elementalist)   Turns: 9958, Time: 00:16:44

Health: -14/52     AC:  9    Str: 10    XL:     9   Next: 81%
Magic:  1/17       EV: 16    Int: 19    God:    Vehumet [*.....]
Gold:   317        SH:  0    Dex: 14    Spells: 8/18 levels left

rFire   . . .      SeeInvis .   (no weapon)
rCold   . . .      Faith    .   (no shield)
rNeg    . . .      Spirit   .   a - +0 robe
rPois   .          Reflect  .   (helmet restricted)
rElec   .          Harm     .   p - +2 cloak
rCorr   .          Rampage  .   (no gloves)
Will    .....                   (boots unavailable)
Stlth   ++........              (no amulet)
HPRegen 0.00/turn               v - +4 ring of protection
MPRegen 0.15/turn               (no ring)

@: flying quickly and evasively, inhibited regen, quick
A: beak, talons 3, nimble flight, inhibited regeneration
a: Renounce Religion


You were on level 8 of the Dungeon.
You worshipped Vehumet.
Vehumet was aware of your devotion.
You visited 2 branches of the dungeon, and saw 9 of its levels.

You collected 317 gold pieces.

Inventory:

Armour
 a - a +0 robe (worn)
 p - a +2 cloak (worn)
   (You found it on level 3 of the Dungeon)
 z - a +0 kite shield
   (You found it on level 7 of the Dungeon)
Jewellery
 v - a +4 ring of protection (left hand)
   (You found it on level 5 of the Dungeon)
Scrolls
 b - 2 scrolls of teleportation {@r4}
 g - a scroll of acquirement {unknown}
 h - a scroll of enchant weapon {unknown}
 j - a scroll of silence
 k - a scroll of vulnerability {!r}
 n - a scroll of torment {unknown}
 q - a scroll of fog {unknown}
 t - a scroll of noise {unknown}
 u - a scroll of amnesia
 x - a scroll of immolation {unknown}
 A - a scroll of blinking {unknown}
Potions
 c - 2 potions of cancellation
 d - 6 potions of lignification {unknown}
 e - 2 potions of degeneration {!q}
 f - a potion of haste {@q3}
 i - 2 potions of curing {@q1}
 l - a potion of invisibility
 m - 3 potions of ambrosia {unknown}
 o - 3 potions of might
 r - a potion of brilliance
 s - 2 potions of resistance
 w - a potion of heal wounds {@q2}


   Skills:
 + Level 3.8 Fighting
 + Level 4.8 Dodging
 - Level 2.0 Stealth
 + Level 2.3 Shields
 - Level 5.0 Spellcasting
 - Level 9.0 Conjurations
 + Level 11.2 Air Magic


You had 8 spell levels left.
You knew the following spells:

 Your Spells              Type           Power      Damage    Failure   Level
a - Shock                 Conj/Air       100%       1d9       1%          1
b - Airstrike             Air            23%        N/A       1%          4
d - Static Discharge      Conj/Air       43%        N/A       1%          2
s - Swiftness             Air            47%        N/A       1%          3

Your spell library contained the following spells:

 Spells                   Type           Power      Damage    Failure   Level
 Magic Dart               Conj           100%       1d8       1%          1
 Stone Arrow              Conj/Erth      42%        3d9       6%          3
 Sandblast                Erth           8%         2d5       12%         1
 Blink                    Tloc           8%         N/A       19%         2
 Passwall                 Tmut/Erth      3%         N/A       19%         2
 Sublimation of Blood     Necr           4%         N/A       19%         2
 Lesser Beckoning         Tloc           4%         N/A       36%         3
 Irradiate                Conj/Tmut      10%        3d17      47%         5
 Petrify                  Tmut/Erth      4%         N/A       77%         4
 Manifold Assault         Tloc           4%         N/A       98%         5


Dungeon Overview and Level Annotations

Branches:
Dungeon (8/15)             Temple (1/1) D:6
   Lair: D:8-11

Altars:
Cheibriados
Elyvilon
Fedhas
Gozag
Hepliaklqana
Kikubaaqudgha
Makhleb
Nemelex Xobeh
Okawaru
Qazlal
Ru
Sif Muna
Trog
Uskayaw
Vehumet
Wu Jian
Xom
The Shining One

Shops:
D:2 =   D:5 *

Annotations:
D:8 2 transporters, Gastronok; Sanktem7's ghost, novice HOFi


Innate Abilities, Weirdness & Mutations

You have a beak for a mouth.
You have claws for feet.
Your magical nature lets you fly swiftly and evasively.
You do not regenerate when monsters are visible.


Message History

Gastronok is struck by an arc of lightning!
You are struck by an arc of lightning.
The lightning grounds out.
Gastronok is struck by an arc of lightning!
The lightning grounds out.
Gastronok bites you but does no damage.
Gastronok is struck by an arc of lightning!
You are struck by an arc of lightning.
Gastronok is struck by an arc of lightning.
The lightning grounds out.
Gastronok is struck by an arc of lightning!
You are struck by an arc of lightning.
Gastronok is struck by an arc of lightning.
The lightning grounds out.
Gastronok bites you but does no damage.
Gastronok is struck by an arc of lightning!
You are struck by an arc of lightning.
Gastronok is struck by an arc of lightning.
The lightning grounds out.
Gastronok is struck by an arc of lightning!
You are struck by an arc of lightning.
The lightning grounds out.
Gastronok completely misses you.
Gastronok is struck by an arc of lightning!
You are struck by an arc of lightning.
Gastronok is struck by an arc of lightning.
The lightning grounds out.
The zap hits Gastronok. x2
Gastronok casts a spell.
You completely miss the rat. You claw the rat.
You kill the rat!
The rat's corpse disappears in a puff of smoke!
Gastronok is struck by an arc of lightning!
The lightning grounds out.
Gastronok bites you!
* * * LOW HITPOINT WARNING * * *
Gastronok casts a spell.
Gastronok mumbles some strange words.
The river rat closely misses you. The river rat misses you.
You hit the river rat but do no damage. Your kick misses the river rat.
You peck the river rat.
The river rat bites you but does no damage.
The zap hits the river rat.
The zap hits the bat.
You kill the bat!
The bat's corpse disappears in a puff of smoke!
The zap hits Gastronok. x2; The river rat closely misses you.
The zap hits the river rat.
You kill the river rat!
The river rat's corpse disappears in a puff of smoke!
The zap hits Gastronok.
The zap hits Gastronok!
Gastronok waves his eye-stalks in wide circles.
The air twists around and strikes you!!
Ouch! That really hurt!
You die...

# ################
#
#.w...rbwb.....###
#.############.##.
#.# #.#.. #.#
##.w.< #ยง# #.....
#@# ##.... #.#
###.. #.######
######. #....[.#
#...... ######.#
#.#.##. #.#
##.#.#.. #.#
#....... #.#
#..#.#.# #.#
#..#.#.#


You could see Gastronok.

Vanquished Creatures
  2 kobold demonologists (D:6)
  Menkaure (D:6)
  An acid dragon (D:8)
  An ice beast (D:7)
  An orc warrior (D:7)
  2 ogres
  2 centaurs
  A phantom (D:6)
  2 kobold brigands
  2 bullfrogs
  3 scorpions
  4 killer bees (D:8)
  A howler monkey (D:4)
  4 crimson imps (D:4)
  A centaur zombie (D:8)
  4 hounds
  A centaur skeleton (D:6)
  An orc priest (D:7)
  A gnoll shaman (D:8)
  2 jellies
  3 bullfrog skeletons
  2 iguanas (D:6)
  4 orc wizards (D:7)
  Terence (D:3)
  5 gnolls (D:8)
  8 adders
  3 shadow imps
  2 white imps
  An ufetubus (D:4)
  2 adder skeletons
  A worm (D:5)
  2 dart slugs
  18 orcs
  7 bats
  9 endoplasms
  5 giant cockroaches
  7 goblins
  7 hobgoblins
  7 jackals
  4 quokkas
  7 ball pythons
  4 frilled lizards
  11 kobolds
  3 rats
160 creatures vanquished.

Notes
Turn   | Place    | Note
-------+----------+-------------------------------------------
     0 | D:1      | growler the Tengu Air Elementalist began the quest for the
                  | Orb.
     0 | D:1      | Reached XP level 1. HP: 10/10 MP: 4/4
   291 | D:1      | Reached XP level 2. HP: 15/15 MP: 3/6
   294 | D:1      | Learned a level 2 spell: Static Discharge
   427 | D:1      | Found a faded altar of an unknown god.
   767 | D:1      | Reached XP level 3. HP: 19/19 MP: 2/7
  1748 | D:2      | Reached XP level 4. HP: 24/24 MP: 1/9
  1845 | D:2      | You fall into a shaft and drop 1 floor!
  1956 | D:2      | Reached skill level 5 in Air Magic
  2226 | D:2      | Found Zasy's Jewellery Shoppe.
  2962 | D:3      | Noticed Terence
  2972 | D:3      | Killed Terence
  3266 | D:3      | Gained mutation: Your magical nature lets you fly swiftly
                  | and evasively. [Tengu growth]
  3266 | D:3      | Reached XP level 5. HP: 27/28 MP: 5/10
  3270 | D:3      | Learned a level 3 spell: Swiftness
  3332 | D:3      | Found a sacrificial altar of Ru.
  3633 | D:4      | Noticed an ogre
  3639 | D:4      | Killed an ogre
  3645 | D:4      | Learned a level 4 spell: Airstrike
  3834 | D:4      | Reached XP level 6. HP: 29/32 MP: 7/12
  4261 | D:4      | Reached skill level 6 in Air Magic
  4781 | D:4      | Found a shimmering altar of Xom.
  4789 | D:4      | Reached skill level 5 in Conjurations
  4820 | D:4      | Reached XP level 7. HP: 21/36 MP: 0/14
  5092 | D:5      | Entered Level 5 of the Dungeon
  5349 | D:5      | Reached skill level 7 in Air Magic
  5701 | D:5      | Found Guggorac's General Store.
  6179 | D:6      | Noticed a kobold demonologist
  6179 | D:6      | Noticed a kobold demonologist
  6205 | D:6      | Noticed a neqoxec
  6206 | D:6      | Gained mutation: You do not regenerate when monsters are
                  | visible. [a neqoxec]
  6207 | D:6      | Killed a kobold demonologist
  6208 | D:6      | Reached skill level 5 in Spellcasting
  6208 | D:6      | Reached skill level 8 in Air Magic
  6208 | D:6      | Reached XP level 8. HP: 36/41 MP: 1/16
  6313 | D:6      | Killed a kobold demonologist
  6314 | D:6      | Reached skill level 9 in Air Magic
  6370 | D:6      | Found a staircase to the Ecumenical Temple.
  6381 | Temple   | Entered the Ecumenical Temple
  6492 | Temple   | Became a worshipper of Vehumet
  7207 | D:6      | Noticed Menkaure
  7209 | D:6      | Killed Menkaure
  7210 | D:6      | Reached skill level 1 in Fighting
  7210 | D:6      | Reached skill level 10 in Air Magic
  7210 | D:6      | Reached XP level 9. HP: 47/47 MP: 8/17
  7593 | D:6      | Found an opulent altar of Gozag.
  7597 | D:6      | Found a bloodstained altar of Trog.
  7962 | D:7      | Found a glowing golden altar of the Shining One.
  8624 | D:7      | Reached skill level 1 in Shields
  8765 | D:7      | Reached * piety under Vehumet
  8765 | D:7      | Offered knowledge of Magic Dart by Vehumet.
  9079 | D:8      | Reached skill level 11 in Air Magic
  9447 | D:8      | Found a transporter.
  9449 | D:8      | Found a transporter.
  9460 | D:8      | Noticed Sanktem7's ghost (novice HOFi)
  9462 | D:8      | Found a bloodstained altar of Trog.
  9486 | D:8      | Noticed a two-headed ogre
  9510 | D:8      | Noticed a moth of wrath
  9687 | D:8      | Noticed Gastronok
  9958 | D:8      | Killed from afar by Gastronok

Illustrated notes

Levels and vault maps discovered:
D:1:      saegor_arrival_simple_e, layout_basic, shapermc_ecumenical_altar_petra
D:2:      layout_basic, serial_shops, nicolae_shop_advertising_works
          [nicolae_subvault_shop_adworks]
D:3:      layout_loops_ring, lemuel_coloured_pillars_altar, uniq_terence
D:4:      layout_loops_ring, led_xom_imps, grunt_decor_arrowhead
D:5:      layout_gridville, serial_shops, shop, minmay_tree_intersection,
          st_stairs_7
D:6:      layout_basic, minitemple, minmay_temple_entry_sparse_star,
          uniq_menkaure
D:7:      layout_loops_ring, mainiacjoe_overflow_cross_hatched
D:8:      layout_loops_ring, mainiacjoe_overflow_boulevard,
          lemuel_mausoleum_altar_yredelemnul, gammafunk_ghost_wrathful_warriors,
          uniq_gastronok
Temple:   dshaligram_water_room_temple

Skill      XL: |  1  2  3  4  5  6  7  8  9 |
---------------+----------------------------+-----
Conjurations   | 2 3 4 5 7 9 |  9.0
Air Magic      | 5 6 8 10 11 | 11.2
Spellcasting   | 3 4 5 |  5.0
Fighting       | 1 3 |  3.8
Dodging        | 4 |  4.8
Shields        | 2 |  2.3
Stealth        | |  2.0

Action                   |  1- 3 |  4- 6 |  7- 9 || total
-------------------------+-------+-------+-------++-------
Melee: Unarmed           |     7 |    11 |    24 ||    42
       Peck              |     2 |     2 |     1 ||     5
       Kick              |     1 |     5 |    12 ||    18
       Punch             |       |     1 |       ||     1
 Cast: Shock             |    66 |    53 |    98 ||   217
       Static Discharge  |     1 |    30 |    81 ||   112
       Airstrike         |       |       |    15 ||    15
  Use: Scroll            |       |       |    12 ||    12
 Stab: Sleeping          |       |     1 |       ||     1
Armor: Robe              |     3 |     9 |    29 ||    41
Dodge: Dodged            |     4 |    27 |    97 ||   128
